 Dungeon Sprint DCSS version 0.22-a0-254-gaf95ca0 (webtiles) character file.

353 Ghella the Cleaver (level 6, -1/90 HPs)
             Began as a Draconian Berserker on Mar 4, 2018.
             Was a High Priest of Trog.
             Slain by an efreet
             ... wielding a +0 scimitar of flaming
              (9 damage)
             ... in the Dungeon (Sprint VII: "The Pits").
             The game lasted 00:03:21 (1340 turns).

Ghella the Cleaver (Draconian Berserker)            Turns: 1340, Time: 00:03:21

Health: -1/90      AC:  6    Str: 26    XL:     6   Next: 35%
Magic:  6/6        EV: 15    Int:  8    God:    Trog [*****.]
Gold:   0          SH:  0    Dex: 10    Spells: 5/5 levels left

rFire    . . .     SeeInvis .   l - +0 hand axe (chop)
rCold    . . .     Gourm    .   (no shield)
rNeg     . . .     Faith    .   (armour unavailable)
rPois    .         Spirit   .   (helmet restricted)
rElec    .         Reflect  .   (no cloak)
rCorr    .         Harm     .   (no gloves)
MR       .....     NoTele   +   (no boots)
Stlth    ..........             (no amulet)
HPRegen  0.25/turn              (no ring)
MPRegen  0.10/turn              (no ring)

@: berserking, very quick
A: unfitting armour, cold-blooded, AC +6
a: Berserk, Trog's Hand, Brothers in Arms, Renounce Religion


You were in the Dungeon.
You worshipped Trog.
Trog was extremely pleased with you.
You were very hungry.

You visited 1 branch

Inventory:

Hand Weapons
 i - a +2 hand axe
 l - a +0 hand axe of chopping (weapon)
Scrolls
 h - a scroll of blinking
 j - 3 scrolls of remove curse
 k - a scroll of summoning
Potions
 a - 2 potions of invisibility
 c - 6 potions of curing
 d - 6 potions of heal wounds
 e - a potion of haste
 f - 4 potions of magic
 g - 3 potions of berserk rage
Comestibles
 b - 8 rations


   Skills:
 + Level 7.3 Fighting
 * Level 9.3 Axes
 * Level 8.2 Dodging
 + Level 1.5 Stealth


You had 5 spell levels left.
You didn't know any spells.

Dungeon Overview and Level Annotations

Branches:
Dungeon (1/1)

Altars:
Ashenzari
Cheibriados
Dithmenos
Elyvilon
Fedhas
Gozag
Hepliaklqana
Kikubaaqudgha
Makhleb
Nemelex Xobeh
Okawaru
Qazlal
Ru
Sif Muna
Trog
Uskayaw
Vehumet
Wu Jian
Xom
Yredelemnul
Zin
The Shining One
Beogh
Jiyva
Lugonu


Innate Abilities, Weirdness & Mutations

Your plain brown scales are hard. (AC +6)
You cannot fit into any form of body armour.
You are cold-blooded and may be slowed by cold attacks.


Message History

The efreet is lightly wounded.
The efreet gestures at you.
The fireball explodes!
The fireball engulfs you!
Ouch! That really hurt!
The fireball engulfs the efreet.
The efreet completely resists.
A red film seems to cover your vision as you go berserk!
You feel yourself moving faster!
You feel mighty!
You are feeling very hungry.
The efreet gestures at you.
The fireball explodes!
The fireball engulfs you!
* * * LOW HITPOINT WARNING * * *
The fireball engulfs the efreet.
The efreet completely resists.
You slash the efreet! You tail-slap the efreet.
The efreet is heavily wounded.
You slash the efreet!
The efreet is almost dead.
The efreet hits you with a scimitar of flaming!!
* * * LOW HITPOINT WARNING * * *
The efreet burns you!
You die...

#.#..#[.)).##.......#
#'###########.......#
#.......# #########
#..###..# #.......#
##.###.##+#
#.......#.+
#..###..#R#
#.......'@#
###########


You could see an efreet.

Vanquished Creatures
  A floating eye (D)
  Blork the orc (D)
  A gnoll sergeant (D)
  An iguana (D)
  A worker ant (D)
  3 gnolls (D)
  2 river rats (D)
  2 ufetubi (D)
  A leopard gecko (D)
  2 ball pythons (D)
  A quokka (D)
  A bat (D)
  A leopard gecko zombie (D)
  A rat (D)
19 creatures vanquished.

Notes
Turn   | Place    | Note
-------+----------+-------------------------------------------
     0 | D        | Ghella the Draconian Berserker began the quest for the Orb.
     0 | D        | Reached XP level 1. HP: 19/19 MP: 1/1
     8 | D        | Noticed a worker ant
    14 | D        | Killed a worker ant
    14 | D        | Reached skill level 4 in Axes
    14 | D        | Reached XP level 2. HP: 27/27 MP: 2/2
   364 | D        | Found a bloodstained altar of Trog.
   364 | D        | Found a deep blue altar of Sif Muna.
   364 | D        | Found a viscous altar of Jiyva.
   364 | D        | Found a hazy altar of Hepliaklqana.
   364 | D        | Found an opulent altar of Gozag.
   365 | D        | Found a glowing golden altar of the Shining One.
   365 | D        | Found a glowing silver altar of Zin.
   365 | D        | Found a basalt altar of Yredelemnul.
   365 | D        | Found a shimmering altar of Xom.
   365 | D        | Found an ornate altar of the Wu Jian Council.
   365 | D        | Found a sacrificial altar of Ru.
   365 | D        | Found a stormy altar of Qazlal.
   365 | D        | Found an iron altar of Okawaru.
   365 | D        | Found a sparkling altar of Nemelex Xobeh.
   365 | D        | Found a burning altar of Makhleb.
   365 | D        | Found a blossoming altar of Fedhas.
   365 | D        | Found a white marble altar of Elyvilon.
   365 | D        | Found a shadowy altar of Dithmenos.
   365 | D        | Found a snail-covered altar of Cheibriados.
   366 | D        | Found a radiant altar of Vehumet.
   366 | D        | Found a corrupted altar of Lugonu.
   366 | D        | Found a roughly hewn altar of Beogh.
   367 | D        | Found a hide-covered altar of Uskayaw.
   367 | D        | Found an ancient bone altar of Kikubaaqudgha.
   367 | D        | Found a shattered altar of Ashenzari.
   425 | D        | Reached ** piety under Trog
   435 | D        | Noticed a floating eye
   439 | D        | Killed a floating eye
   439 | D        | Reached skill level 5 in Fighting
   439 | D        | Reached skill level 6 in Axes
   439 | D        | Reached XP level 3. HP: 37/37 MP: 3/3
   439 | D        | Reached XP level 4. HP: 44/44 MP: 4/4
   459 | D        | Reached *** piety under Trog
   459 | D        | Reached skill level 7 in Axes
   459 | D        | Reached XP level 5. HP: 28/50 MP: 5/5
  1002 | D        | Reached **** piety under Trog
  1002 | D        | Reached skill level 1 in Stealth
  1010 | D        | Noticed Blork the orc
  1030 | D        | Reached skill level 8 in Axes
  1035 | D        | Killed Blork the orc
  1035 | D        | Reached skill level 9 in Axes
  1035 | D        | Reached XP level 6. HP: 48/60 MP: 6/6
  1037 | D        | Reached ***** piety under Trog
  1336 | D        | Noticed an efreet
  1340 | D        | Slain by an efreet

Vault maps used:
D:        pitsprint

Skill      XL: |  1  2  3  4  5  6 |
---------------+-------------------+-----
Fighting       | 4 5 6 7 |  7.3
Axes           | 4 6 7 9 |  9.3
Dodging        | 4 6 7 8 |  8.2
Stealth        | 1 |  1.5

Action                   |  1- 3 |  4- 6 || total
-------------------------+-------+-------++-------
Melee: Hand axe          |    10 |    50 ||    60
       Tailslap          |     2 |     7 ||     9
Invok: Berserk           |     1 |     3 ||     4
       Trog's Hand       |       |     1 ||     1
 Stab: Sleeping          |     1 |       ||     1
  Eat: Ration            |       |     1 ||     1
       Chunk             |       |     1 ||     1
Armor: Skin              |     1 |     8 ||     9
Dodge: Dodged            |     7 |    27 ||    34

Table legend:
 A = Spawn XP
 B = Non-spawn XP
 C = Spawn XP percentage of total XP
 D = Spawn monster count
 E = Non-spawn monster count
 F = Spawn count percentage of total count
 G = Total turns spent on level
                    A         B        C        D         E        F      G
               +---------+---------+-------+---------+---------+-------+---------
         Total |       0 |     505 |   0.0 |       0 |      19 |   0.0 |  1340
               +---------+---------+-------+---------+---------+-------+---------
             D |       0 |     505 |   0.0 |       0 |      19 |   0.0 |  1340
               +---------+---------+-------+---------+---------+-------+---------
